 Dungeon Crawl Stone Soup version 0.30-a0-883-g5ad918d77d (webtiles) character file.

Game seed: 5195780291244134882

71286 gelatine the Spear-Bearer (level 14, -5/109 (111) HPs)
             Began as a Demonspawn Gladiator on Mar 16, 2023.
             Was an Elder of Jiyva.
             Killed by divine providence
             ... invoked by an orc priest
              (13 damage)
             ... on level 2 of the Orcish Mines.
             The game lasted 01:17:51 (17305 turns).

gelatine the Spear-Bearer (Demonspawn Gladiator)   Turns: 17305, Time: 01:17:53

HP:   -5/109 (111)  AC: 18    Str: 19    XL:     14   Next: 97%
MP:   19/20         EV: 20    Int:  9    God:    Jiyva [****..]
Gold: 1819          SH: 11    Dex: 25    Spells: 19/21 levels left

rFire   + + +      SeeInvis .    b - +9 lance "Wyrmbane" {slay drac, rPois rF+ rC+ AC+3}
rCold   + + .      Faith    .    l - +0 kite shield {reflect}
rNeg    . . .      Spirit   .    q - +0 scale mail of Patterns {rPois Will+ rCorr Stlth+}
rPois   +          Reflect  +    (helmet restricted)
rElec   .          Rampage  .    P - +2 cloak {rPois}
rCorr   +                        L - +0 pair of gloves
Will    +++..                    h - +2 pair of boots {Stlth+}
Stlth   ++                       R - amulet of regeneration
HPRegen 2.46/turn                m - +5 ring of evasion
MPRegen 0.57/turn                Q - ring of Folu {rC+ Str+4 Dex+3}

@: on fire, calling ooze, glowing, studying Spellcasting, lightly drained
A: horns 2, slimy green scales 1, demonic guardian 1, ignite blood 3, agile 1,
fire resistance 3, strong-willed 1, poison resistance, pseudopods 1
a: Renounce Religion, Oozemancy, Slimify


You were on level 2 of the Orcish Mines.
You worshipped Jiyva.
Jiyva was greatly pleased with you.
You visited 4 branches of the dungeon, and saw 20 of its levels.
You also visited: Bailey.

You collected 1819 gold pieces.

Inventory:

Hand Weapons
 b - the +9 lance "Wyrmbane" (weapon) {slay drac, rPois rF+ rC+ AC+3}
   (You took it off Maggie on level 6 of the Dungeon)

   AC:        It affects your AC (+3).
   rF:        It protects you from fire.
   rC:        It protects you from cold.
   rPois:     It protects you from poison.
 y - the +9 dagger of Division {flame, rElec Int+5 Dex+2}
   (You found it on level 4 of the Dungeon)

   Int:       It affects your intelligence (+5).
   Dex:       It affects your dexterity (+2).
   rElec:     It insulates you from electricity.
Armour
 h - a +2 pair of boots of stealth (worn)
 l - a +0 kite shield of reflection (worn)
 q - the +0 scale mail of Patterns (worn) {rPois Will+ rCorr Stlth+}
   (You found it in a bailey)

   rPois:     It protects you from poison.
   rCorr:     It protects you from acid and corrosion.
   Will:      It increases your willpower.
   Stlth:     It makes you more stealthy.
 t - a +0 troll leather armour
 J - the +0 hat of Focus {Will+ Str+3 Int-4}
   (You found it on level 3 of the Lair of Beasts)

   Str:       It affects your strength (+3).
   Int:       It affects your intelligence (-4).
   Will:      It increases your willpower.
 L - a +0 pair of gloves (worn)
 M - +2 acid dragon scales
 P - a +2 cloak of poison resistance (worn)
 S - a +1 robe of the Archmagi
 T - a +3 leather armour of positive energy
 Z - an orb of wrath
Jewellery
 a - a ring of wizardry
 c - a ring of flight
 m - a +5 ring of evasion (left hand)
 n - an amulet of the acrobat
 o - a ring of wizardry
 s - the ring "Wydghask" {rElec rF+}
   (You found it on level 3 of the Dungeon)

   [ring of protection from fire]

   rF:        It protects you from fire.
   rElec:     It insulates you from electricity.
 w - a ring of fire
 H - an amulet of reflection
 Q - the ring of Folu (right hand) {rC+ Str+4 Dex+3}
   (You found it on level 3 of the Lair of Beasts)

   [ring of protection from cold]

   Str:       It affects your strength (+4).
   Dex:       It affects your dexterity (+3).
   rC:        It protects you from cold.
 R - an amulet of regeneration (around neck)
Wands
 v - a wand of mindburst (5)
 D - a wand of roots (31)
 K - a wand of quicksilver (19)
 X - a wand of polymorph (15)
Scrolls
 d - 2 scrolls of enchant weapon
 e - a scroll of silence
 g - a scroll of vulnerability
 i - 2 scrolls of blinking
 p - 3 scrolls of poison
 u - 2 scrolls of immolation
 x - a scroll of magic mapping
 B - 3 scrolls of teleportation
 C - 5 scrolls of fog
 I - a scroll of summoning
 O - a scroll of fear
Potions
 f - 3 potions of curing
 j - 4 potions of mutation
 k - a potion of might
 r - 3 potions of invisibility
 z - 4 potions of cancellation
 A - a potion of brilliance
 E - a potion of magic
 G - 4 potions of lignification {unknown}
 N - a potion of resistance
 U - 2 potions of haste
 V - 3 potions of attraction
 W - a potion of flight
Miscellaneous
 F - a tin of tremorstones (inert)


   Skills:
 * Level 10.4 Fighting
 + Level 2.9 Short Blades
 + Level 4.1(9.5) Axes
 * Level 13.2(13.4) Polearms
 + Level 10.1 Throwing
 * Level 9.2 Armour
 * Level 9.2 Dodging
 + Level 5.0 Stealth
 + Level 4.0 Shields
 * Level 4.3 Spellcasting
 + Level 4.0 Translocations
 + Level 4.5 Evocations


You had 19 spell levels left.
You knew the following spells:

 Your Spells              Type           Power      Damage    Failure   Level
a - Blink                 Tloc           18%        N/A       50%         2

Your spell library contained the following spells:

 Spells                   Type           Power      Damage    Failure   Level
 Lesser Beckoning         Tloc           18%        N/A       50%         2
 Momentum Strike          Conj/Tloc      10%        3d8       78%         2
 Beastly Appendage        Tmut           2%         N/A       90%         1
 Freeze                   Ice            4%         1d3       90%         1
 Kiss of Death            Conj/Necr      4%         2d5       90%         1
 Necrotise                Necr           4%         1d4       90%         1
 Portal Projectile        Hex/Tloc       10%        N/A       95%         3
 Vhi's Electric Charge    Tloc/Air       10%        N/A       95%         3
 Wereblood                Tmut           1%         N/A       97%         2
 Confusing Touch          Hex            1%         N/A       99%         3
 Frozen Ramparts          Ice            2%         1d1       99%         3
 Hailstorm                Conj/Ice       1%         3d3       99%         3
 Spider Form              Tmut/Pois      1%         N/A       99%         3
 Tukima's Dance           Hex            1%         N/A       99%         3
 Vampiric Draining        Necr           1%         2d6       99%         3
 Dispel Undead            Necr           1%         3d6       100%        4
 Ice Form                 Ice/Tmut       1%         N/A       100%        4
 Leda's Liquefaction      Hex/Erth       0%         N/A       100%        4
 Summon Ice Beast         Ice/Summ       1%         N/A       100%        4
 Agony                    Necr           1%         N/A       100%        5
 Arcjolt                  Conj/Air       0%         1d10      100%        5
 Blade Hands              Tmut           0%         N/A       100%        5
 Lee's Rapid Deconstruct  Erth           0%         3d4*      100%        5
 Statue Form              Tmut/Erth      0%         N/A       100%        6
 Maxwell's Capacitive Co  Air            0%         ∞         100%        8


Dungeon Overview and Level Annotations

Branches:
Dungeon (12/15)            Temple (1/1) D:7            Lair (5/5) D:11
  Swamp (0/4) Lair:2        Snake (0/4) Lair:2        Slime (0/5) Lair:5
    Orc (2/2) D:10            Elf (0/3) Orc:2        Bailey (visited)

Altars:
Ashenzari
Cheibriados
Dithmenos
Fedhas
Gozag
Hepliaklqana
Kikubaaqudgha
Makhleb
Nemelex Xobeh
Okawaru
Qazlal
Ru
Sif Muna
Trog
Uskayaw
Vehumet
Wu Jian
Xom
Yredelemnul
Jiyva

Shops:
D:8 *   Orc:1 *

Annotations:
D:7 2 transporters, eruonna's ghost, novice OpFE


Innate Abilities, Weirdness & Mutations

You have a pair of horns on your head.
You are partially covered in slimy green scales. (AC +2)
A weak demonic guardian rushes to your aid.
Your demonic aura causes all spilled blood to erupt in flames.
You are agile. (Dex +4, Str/Int -1)
Your flesh is almost immune to the effects of heat. (rF+++)
You are strong-willed. (Will+)
Your system is resistant to poisons. (rPois)
Armour fits poorly on your pseudopods.


Message History

The orc knight is engulfed in blazing flames.
The orc knight closely misses you. x2
You feel better.
The wall burns the sun demon!
You block the sun demon's attack.
The wall burns the smoke demon!
The smoke demon gestures at you. The ball of steam misses you.
The walls burn the hellwing!
The hellwing hits you. The hellwing misses you.
The wall burns something!
The orc knight is engulfed in blazing flames.
You block the orc knight's attack. x2
Unknown command.
You feel better.
The wall burns the sun demon!
You block the sun demon's attack.
The wall burns the smoke demon!
The smoke demon gestures at you.
The sticky flame hits you but does no damage.
You are covered in liquid flames!
The walls burn the hellwing!
You block the hellwing's attack. The hellwing closely misses you.
The wall burns the orc warrior!
The wall burns the orc sorcerer!
The orc priest begins to cast a cantrip, but forgets the words!
You block the orc knight's attack.
The orc knight hits you but does no damage.
The wall burns the sun demon!
You block the sun demon's attack.
You feel better.
You are covered in liquid flames!
The wall burns the smoke demon!
The smoke demon closely misses you.
The smoke demon hits you but does no damage.
The smoke demon closely misses you.
The walls burn the hellwing!
You block the hellwing's attack. The hellwing barely misses you.
The wall burns the sun demon!
You block the sun demon's attack.
The orc high priest mumbles some strange prayers to Beogh against you.
Beogh smites you!
The orc knight hits you with a +2 war axe!
* * * LOW HITPOINT WARNING * * *
The walls burn the orc warrior!
The orc knight hits you from afar with a +0 glaive!!
* * * LOW HITPOINT WARNING * * *
The wall burns the orc sorcerer!
The orc priest calls down the wrath of Beogh upon you.
Beogh smites you!
You die...

.........(§..............#
)).......................#
)........................#
........................##
.............o.)).......##
.............3o)°........#
..............ooo°o.....##
............o3.33o.......#
...............#@4o#.#..##
#########################


You could see 2 orc knights, an orc high priest (strong), 2 sun demons, a
hellwing (summoned), a smoke demon (summoned), a neqoxec (summoned), an orc
sorcerer (strong), 2 orc warriors, an orc priest (strong), an orc wizard
(strong) and an orc (strong).

Vanquished Creatures
  Donald (Orc:2)
  Snorg (D:11)
  Josephine (D:11)
  4 hydras
  2 catoblepae
  A merfolk avatar (Lair:5)
  2 boulder beetles (Lair:3)
  2 two-headed ogres
  A centaur warrior (D:11)
  14 death yaks
  An orc high priest (Orc:2)
  Nergalle (Lair:2)
  3 skysharks
  Lodul (D:10)
  A sea snake (Lair:5)
  3 lindwurms
  A wolf spider (Lair:3)
  3 orc knights
  An orc sorcerer (Orc:2)
  A manticore (Lair:5)
  Joseph (D:10)
  18 elephants
  A torpor snail (Lair:5)
  Maurice (D:10)
  2 gargoyles (D:10)
  13 cane toads
  Maggie (D:6)
  9 rime drakes
  9 komodo dragons
  A troll (D:11)
  3 polar bears
  Grinder (D:3)
  26 blink frogs
  A tarantella (Lair:3)
  A wind drake (Lair:5)
  A snapping turtle (Lair:5)
  5 wraiths
  2 vampires
  8 wyverns
  64 yaks
  6 basilisks
  A redback (Lair:3)
  2 wargs (Orc:2)
  2 nagas (Lair:2)
  2 vampire mosquitoes (D:11)
  18 orc warriors
  16 water moccasins
  2 sky beasts (D:7)
  4 black bears
  An ice beast (D:7)
  16 ogres
  11 wolves
  6 centaurs
  A phantom (D:6)
  3 kobold brigands
  16 bullfrogs
  A scorpion (D:6)
  7 wights
  5 killer bees (D:8)
  7 vampire bats (Bailey)
  An electric eel (D:6)
  7 wolf zombies (Bailey)
  4 howler monkeys
  2 lava snakes (Lair:3)
  14 orc priests
  2 hounds
  5 jellies
  Jessica (D:3)
  A sleepcap (D:6)
  Ijyb (D:4)
  Terence (D:3)
  5 iguanas
  15 orc wizards
  2 hell rats (D:11)
  7 gnolls
  13 adders
  2 ufetubi
  A worm (D:3)
  4 dart slugs
  44 orcs
  8 bats
  9 endoplasms
  5 giant cockroaches
  29 goblins
  11 hobgoblins
  7 jackals
  23 kobolds
  9 quokkas
  8 ball pythons
  4 frilled lizards
  21 orc zombies (Bailey)
  7 rats
613 creatures vanquished.

Vanquished Creatures (collateral kills)
  A gargoyle (Bailey)
  A yak (Lair:4)
  An acid dragon (D:6)
  An ice beast (D:6)
  3 orcs
7 creatures vanquished.

Vanquished Creatures (others)
  A rime drake (Lair:5)
  A water moccasin (Lair:5)
  16 jellies
  A gnoll (D:7)
  An orc (Orc:1)
  A bush (Lair:5)
  35 fungi
  87 plants
143 creatures vanquished.

Grand Total: 763 creatures vanquished

Notes
Turn   | Place    | Note
-------+----------+-------------------------------------------
     0 | D:1      | gelatine the Demonspawn Gladiator began the quest for the
                  | Orb.
     0 | D:1      | Reached XP level 1. HP: 16/16 MP: 1/1
    64 | D:1      | Gained mutation: Your demonic aura sometimes causes spilled
                  | blood to erupt in flames. [demonic ancestry]
    64 | D:1      | Reached XP level 2. HP: 11/22 MP: 2/2
   195 | D:1      | Found a faded altar of an unknown god.
   407 | D:1      | Reached XP level 3. HP: 27/27 MP: 3/3
   922 | D:2      | Reached XP level 4. HP: 23/34 MP: 4/4
  1259 | D:2      | Reached skill level 1 in Armour
  1478 | D:2      | Reached XP level 5. HP: 39/39 MP: 6/6
  1502 | D:2      | You fall into a shaft and drop 1 floor!
  1503 | D:3      | Identified the ring "Wydghask" {rElec rF+}
  1559 | D:3      | Reached skill level 1 in Spellcasting
  1636 | D:3      | Noticed Terence
  1644 | D:3      | Killed Terence
  1752 | D:3      | Noticed Grinder
  1767 | D:3      | Killed Grinder
  1768 | D:3      | Reached skill level 1 in Stealth
  1768 | D:3      | Gained mutation: You have a pair of small horns on your
                  | head. [demonic ancestry]
  1768 | D:3      | Reached XP level 6. HP: 39/46 MP: 6/8
  2043 | D:3      | Noticed Jessica
  2044 | D:3      | Killed Jessica
  2660 | D:4      | Identified the +9 dagger of Division {flame, rElec Int+5
                  | Dex+2}
  2682 | D:4      | Gained mutation: Your demonic aura often causes spilled
                  | blood to erupt in flames. [demonic ancestry]
  2682 | D:4      | Reached XP level 7. HP: 51/51 MP: 9/9
  3033 | D:4      | Noticed Ijyb
  3041 | D:4      | Killed Ijyb
  3544 | D:5      | Entered Level 5 of the Dungeon
  3907 | D:5      | Reached skill level 1 in Short Blades
  3997 | D:5      | Found a broken altar of Ashenzari.
  4162 | D:5      | Gained mutation: A weak demonic guardian rushes to your
                  | aid. [demonic ancestry]
  4162 | D:5      | Reached XP level 8. HP: 58/58 MP: 11/11
  4187 | D:5      | Reached skill level 5 in Throwing
  4849 | D:6      | Reached skill level 1 in Evocations
  4872 | D:6      | Reached skill level 1 in Shields
  5293 | D:6      | Noticed Maggie
  5329 | D:6      | Killed Maggie
  5330 | D:6      | Reached XP level 9. HP: 9/65 MP: 12/12
  5969 | D:7      | Reached skill level 1 in Polearms
  5971 | D:7      | Found a transporter.
  5972 | D:7      | Found a transporter.
  5973 | D:7      | Noticed eruonna's ghost (novice OpFE)
  5975 | D:7      | Identified the +6 dire flail of Fear {elec, Contam rPois
                  | rCorr Str+3 Stlth+}
  5975 | D:7      | Noticed a two-headed ogre
  6355 | D:7      | Reached skill level 2 in Polearms
  6366 | D:7      | Reached skill level 5 in Dodging
  6388 | D:7      | Found a staircase to the Ecumenical Temple.
  6399 | Temple   | Entered the Ecumenical Temple
  6666 | D:7      | Learned a level 2 spell: Blink
  6757 | D:8      | Reached skill level 3 in Polearms
  7178 | D:8      | Reached skill level 1 in Translocations
  7183 | D:8      | Reached skill level 4 in Polearms
  7187 | D:8      | Gained mutation: You have a pair of horns on your head.
                  | [demonic ancestry]
  7187 | D:8      | Reached XP level 10. HP: 51/73 MP: 13/13
  7378 | D:8      | Found Koilos's Neck Hole.
  7778 | D:9      | Found a flagged portal.
  7816 | Bailey   | Entered a bailey
  7848 | Bailey   | Noticed a gargoyle
  7876 | Bailey   | Killed a gargoyle
  7877 | Bailey   | Reached skill level 5 in Polearms
  8008 | Bailey   | Reached skill level 5 in Fighting
  8139 | Bailey   | Identified the +0 scale mail of Patterns {rPois Will+ rCorr
                  | Stlth+}
  8651 | D:10     | Entered Level 10 of the Dungeon
  8678 | D:10     | Noticed Lodul
  8694 | D:10     | Killed Lodul
  8695 | D:10     | Reached skill level 6 in Polearms
  8817 | D:10     | Noticed a two-headed ogre
  8827 | D:10     | Killed a two-headed ogre
  8828 | D:10     | Reached XP level 11. HP: 80/80 MP: 14/14
  8843 | D:10     | Reached skill level 5 in Armour
  8858 | D:10     | Reached skill level 7 in Polearms
  8873 | D:10     | Found a staircase to the Orcish Mines.
  8963 | D:10     | Noticed Maurice
  9014 | D:10     | Killed Maurice
  9154 | D:10     | Reached skill level 8 in Polearms
  9238 | D:10     | Noticed Joseph
  9246 | D:10     | Killed Joseph
  9661 | D:11     | Noticed a death yak
  9665 | D:11     | Noticed a death yak
  9673 | D:11     | Noticed a death yak
  9682 | D:11     | Killed a death yak
  9702 | D:12     | Killed a death yak
  9733 | D:11     | Killed a death yak
  9776 | D:11     | Found a staircase to the Lair.
  9855 | D:11     | Noticed a centaur warrior
  9867 | D:11     | Killed a centaur warrior
  9979 | D:11     | Reached skill level 9 in Polearms
  9979 | D:11     | Reached XP level 12. HP: 89/89 MP: 15/15
 10085 | D:11     | Noticed Snorg
 10099 | D:11     | Killed Snorg
 10367 | D:11     | Noticed Josephine
 10386 | D:11     | Killed Josephine
 10424 | D:11     | Found a radiant altar of Vehumet.
 10598 | Lair:1   | Entered Level 1 of the Lair of Beasts
 10818 | Lair:1   | Noticed a catoblepas
 10831 | Lair:1   | Killed a catoblepas
 10867 | Lair:1   | Gained mutation: You have hidden genetic defects. [potion
                  | of mutation]
 10868 | Lair:1   | Lost mutation: You have hidden genetic defects. [potion of
                  | mutation]
 10868 | Lair:1   | Gained mutation: Your body sometimes deteriorates upon
                  | taking damage. [potion of mutation]
 10869 | Lair:1   | Lost mutation: Your body sometimes deteriorates upon taking
                  | damage. [potion of mutation]
 10869 | Lair:1   | Gained mutation: You are strong-willed. (Will+) [potion of
                  | mutation]
 10869 | Lair:1   | Gained mutation: Your mind is acute. (Int +4, Str/Dex -1)
                  | [potion of mutation]
 10869 | Lair:1   | Gained mutation: You have supernaturally acute eyesight.
                  | (SInv) [potion of mutation]
 11009 | Lair:1   | Reached skill level 10 in Polearms
 11828 | Lair:2   | Found a staircase to the Swamp.
 11913 | Lair:2   | Noticed Nergalle
 11930 | Lair:2   | Killed Nergalle
 12089 | Lair:2   | Identified the +1 spear of Urik {vamp, +Blink Int+3}
 12240 | Lair:2   | Found a staircase to the Snake Pit.
 12291 | Lair:2   | Noticed a six-headed hydra
 12301 | Lair:2   | Killed a six-headed hydra
 12302 | Lair:2   | Gained mutation: You are partially covered in slimy green
                  | scales. (AC +2) [demonic ancestry]
 12302 | Lair:2   | Reached XP level 13. HP: 71/98 MP: 16/16
 12665 | Lair:3   | Found a bloodstained altar of Trog.
 12914 | Lair:3   | Reached skill level 11 in Polearms
 13368 | Lair:3   | You fall into a shaft and drop 2 floors!
 13368 | Lair:5   | Entered Level 5 of the Lair of Beasts
 13381 | Lair:5   | Found a staircase to the Slime Pits.
 13507 | Lair:5   | Found a viscous altar of Jiyva.
 13521 | Lair:5   | Became a worshipper of Jiyva Joedd the Shapeless
 13996 | Lair:5   | Gained mutation: Your demonic aura causes all spilled blood
                  | to erupt in flames. [demonic ancestry]
 13996 | Lair:5   | Reached XP level 14. HP: 91/108 MP: 17/17
 14031 | Lair:5   | Reached skill level 12 in Polearms
 14133 | Lair:5   | Reached * piety under Jiyva
 14413 | Lair:5   | Identified the +2 shortbow of Impatience {drain, Fragile
                  | rN+ MP+9 Int+5}
 14415 | Lair:5   | Identified the +3 morningstar of Bengogo {heavy, Contam Fly
                  | rF++}
 14855 | Lair:4   | Reached ** piety under Jiyva
 14980 | Lair:4   | Identified a scroll of acquirement
 14981 | Lair:4   | Acquired a manual of Spellcasting
 15236 | Lair:4   | Reached skill level 10 in Fighting
 15439 | Lair:4   | Reached *** piety under Jiyva
 15478 | Lair:4   | Gained mutation: You are agile. (Dex +4, Str/Int -1)
                  | [Jiyva's grace]
 15478 | Lair:4   | Gained mutation: You are very agile. (Dex +8, Str/Int -2)
                  | [Jiyva's grace]
 15478 | Lair:4   | Gained mutation: Armour fits poorly on your pseudopods.
                  | [Jiyva's grace]
 15478 | Lair:4   | Gained mutation: Armour fits poorly on your large
                  | pseudopods. [Jiyva's grace]
 16009 | Lair:3   | Found a runed translucent door.
 16033 | Lair:3   | Identified the +0 hat of Focus {Will+ Str+3 Int-4}
 16037 | Lair:3   | Found a runed translucent gate.
 16037 | Lair:3   | Found a runed translucent gate.
 16037 | Lair:3   | Found a runed translucent gate.
 16037 | Lair:3   | Found a runed translucent gate.
 16038 | Lair:3   | Found a runed translucent gate.
 16043 | Lair:3   | Found a runed translucent gate.
 16069 | Lair:3   | Reached skill level 13 in Polearms
 16082 | Lair:3   | Reached skill level 10 in Throwing
 16104 | Lair:3   | Identified the ring of Folu {rC+ Str+4 Dex+3}
 16235 | Orc:1    | Entered Level 1 of the Orcish Mines
 16373 | Orc:1    | Found Uhicru Neukk's Overcharged Wands.
 16647 | Orc:2    | Entered Level 2 of the Orcish Mines
 16734 | Orc:2    | Reached **** piety under Jiyva
 16893 | Orc:2    | Noticed Donald
 16910 | Orc:2    | Killed Donald
 17143 | Orc:2    | Lost mutation: You have supernaturally acute eyesight.
                  | (SInv) [Jiyva's grace]
 17143 | Orc:2    | Lost mutation: You are very agile. (Dex +8, Str/Int -2)
                  | [Jiyva's grace]
 17143 | Orc:2    | Lost mutation: Your mind is acute. (Int +4, Str/Dex -1)
                  | [Jiyva's grace]
 17143 | Orc:2    | Lost mutation: Armour fits poorly on your large pseudopods.
                  | [Jiyva's grace]
 17143 | Orc:2    | Gained mutation: Your system is resistant to poisons.
                  | (rPois) [Jiyva's grace]
 17143 | Orc:2    | Gained mutation: Your flesh is heat resistant. (rF+)
                  | [Jiyva's grace]
 17143 | Orc:2    | Gained mutation: Your flesh is very heat resistant. (rF++)
                  | [Jiyva's grace]
 17143 | Orc:2    | Gained mutation: Your flesh is almost immune to the effects
                  | of heat. (rF+++) [Jiyva's grace]
 17236 | Orc:2    | Found a staircase to the Elven Halls.
 17276 | Orc:2    | Reached skill level 5 in Stealth
 17305 | Orc:2    | Killed from afar by an orc priest

Illustrated notes

Levels and vault maps discovered:
D:1:      grunt_arrival_lava_bath, layout_basic,
          hellmonk_ecumenical_altar_prayer_group, chequers_serial_rivers_micro_b
D:2:      cheibrodos_greedy_goblins, layout_basic, chequers_mini_garden,
          minmay_heptomino_o4
D:3:      minmay_octagon_keep, layout_basic, chequers_jeans, nicolae_half_adder,
          uniq_jessica, uniq_terence, uniq_grinder
D:4:      kennysheep_goblin_castle, layout_loops_cross
D:5:      layout_layer_cave, ashenzari_conservatory_becter, chequers_avenue
D:6:      layout_loops_ring, kennysheep_small_spiral, uniq_maggie
D:7:      layout_loops_ring, minmay_temple_entry_offerings,
          gammafunk_ghost_smash
D:8:      layout_gridville, hangedman_decor_peaks_small,
          nicolae_shop_sticking_my_neck_out
D:9:      layout_gridville, enter_bailey_4
D:10:     layout_basic, orc_0_dummy, uniq_joseph, uniq_maurice, uniq_lodul
D:11:     layout_grid_maze, dpeg_lair_monsters, hangedman_decor_points,
          nicolae_vehumet_radiance, uniq_snorg, uniq_josephine
D:12:     layout_loops_ring
Temple:   nicolae_temple_the_god_donut
Lair:1:   layout_small_grid, beast_lair_carwin_9, infiniplex_staircase_pool_2
Lair:2:   layout_misc_corridors, swamp_mist, guppyfry_snake_entry_garden,
          beast_lair_carwin_6, infiniplex_staircase_pool, uniq_nergalle
Lair:3:   gammafunk_indiana_jones, layout_chaotic_city, basic_altar,
          lemuel_old_faithful
Lair:4:   layout_cave_pods, minmay_lair_drake_nest, grunt_megastairs_2,
          serial_bayou_shore_b
Lair:5:   gammafunk_lair_ancient_temple, layout_regular_city,
          nicolae_slime_entry_slimehenge, hibernation_bobbens
Orc:1:    layout_diamond_mine, nicolae_shop_overcharged_wands
Orc:2:    grunt_orc_tribal_feast, layout_caves, uniq_donald

Skill      XL: |  1  2  3  4  5  6  7  8  9 10 11 12 13 14 |
---------------+-------------------------------------------+-----
Dodging        | 3 4 5 6 7 8 9 |  9.2
Axes           | 3 4 |  4.1
Throwing       | 2 3 4 5 6 8 9 10 | 10.1
Armour         | 1 2 3 4 6 7 8 9 |  9.2
Spellcasting   | 1 2 4 |  4.3
Stealth        | 1 2 3 4 5 |  5.0
Fighting       | 3 4 5 6 7 9 10 | 10.4
Short Blades   | 1 2 |  2.9
Evocations     | 3 4 |  4.5
Shields        | 2 4 |  4.0
Polearms       | 4 6 9 10 11 13 | 13.2
Translocations | 1 2 4 |  4.0

Action                     |  1- 3 |  4- 6 |  7- 9 | 10-12 | 13-15 || total
---------------------------+-------+-------+-------+-------+-------++-------
  Melee: War axe           |    79 |    99 |       |       |       ||   178
         Punch             |     1 |       |     2 |     7 |     9 ||    19
         Headbutt          |       |    10 |    36 |   135 |   213 ||   394
         Flail             |       |     3 |       |       |       ||     3
         Dagger            |       |     1 |   129 |       |       ||   130
         Lance             |       |       |   122 |   585 |   734 ||  1441
         Pseudopods        |       |       |       |       |    51 ||    51
  Throw: Boomerang         |    17 |    92 |    15 |     7 |       ||   131
         Stone             |     5 |     4 |       |       |       ||     9
         Javelin           |     5 |     1 |    15 |     8 |    13 ||    42
         Throwing net      |     4 |     2 |     7 |       |       ||    13
         Dart              |     2 |       |    50 |   196 |   194 ||   442
   Cast: Blink             |       |       |       |     1 |       ||     1
 Invoke: Oozemancy         |       |       |       |       |     1 ||     1
  Evoke: Wand              |       |       |    31 |    17 |     4 ||    52
         Tin of tremorston |       |       |       |       |     2 ||     2
    Use: Scroll            |       |       |     2 |    19 |     9 ||    30
         Potion            |       |       |     2 |     6 |     7 ||    15
   Stab: Sleeping          |       |       |     7 |     9 |     7 ||    23
         Distracted        |       |       |       |     2 |     1 ||     3
 Armour: Leather armour    |    20 |    13 |     9 |       |       ||    42
         Acid dragon scale |       |       |    30 |   107 |       ||   137
         Scale mail        |       |       |       |    83 |   133 ||   216
  Dodge: Dodged            |    77 |   128 |   211 |   478 |   367 ||  1261
  Block: Other             |       |       |    51 |     4 |       ||    55
         Reflection        |       |       |     6 |       |     4 ||    10
         Kite shield       |       |       |       |       |    36 ||    36

Table legend: (Time is in decaauts)
 A = Elapsed time spent in this place.
 B = Non-inter-level travel time spent in this place.
 C = Inter-level travel time spent in this place.
 D = Time resting spent in this place.
 E = Time spent auto-exploring this place.
 F = Levels seen in this place.
 G = Mean time per level.
                   A        B        C        D        E       F      G
               +--------+--------+--------+--------+--------+-----+--------+
         Total |  16789 |  16151 |    638 |      0 |  11954 |  21 |  799.5 |
       Dungeon |   9926 |   9491 |    435 |      0 |   7189 |  12 |  827.2 |
        Temple |    262 |    246 |     16 |      0 |    228 |   1 |  262.0 |
          Lair |   5217 |   5031 |    186 |      0 |   3722 |   5 | 1043.4 |
  Orcish Mines |    990 |    990 |      0 |      0 |    641 |   2 |  495.0 |
        Bailey |    392 |    392 |      0 |      0 |    174 |   1 |  392.0 |
               +--------+--------+--------+--------+--------+-----+--------+

Top non-repeatable levels by time:
     D:5: 1292 daAuts
  Lair:5: 1278 daAuts
     D:3: 1106 daAuts
  Lair:1: 1064 daAuts
  Lair:4: 1006 daAuts
     D:4: 959 daAuts
  Lair:2: 956 daAuts
    D:10: 947 daAuts
     D:8: 947 daAuts
     D:6: 941 daAuts
     D:1: 928 daAuts
    D:11: 916 daAuts
  Lair:3: 911 daAuts
     D:7: 643 daAuts
     D:2: 625 daAuts
